 Dungeon Crawl Stone Soup version 0.20.1-1-g8b1a95d (webtiles) character file.

1269 vineage the Carver (level 8, -3/64 HPs)
             Began as a Minotaur Fighter on Nov 10, 2017.
             Shot with an arrow by a centaur (10 damage)
             ... on level 6 of the Dungeon.
             The game lasted 00:05:44 (4835 turns).

vineage the Carver (Minotaur Fighter)               Turns: 4835, Time: 00:05:45

Health: -3/64      AC:  7    Str: 23    XL:     8   Next: 28%
Magic:  7/7        EV:  7    Int:  5    God:
Gold:   289        SH:  9    Dex: 10    Spells: 7/7 levels left

rFire    . . .     SeeInvis .   a - +0 long sword
rCold    . . .     Gourm    .   c - +0 shield
rNeg     . . .     Faith    .   b - +0 scale mail
rPois    .         Spirit   .   e - +1 hat
rElec    .         Reflect  .   (no cloak)
rCorr    .         Harm     .   (no gloves)
MR       .....                  (no boots)
Stlth    ..........             (no amulet)
Regen    0.2/turn               (no ring)
MPRegen  0.1/turn               (no ring)

@: no status effects
A: retaliatory headbutt, horns 2
a: no special abilities


You were on level 6 of the Dungeon.
You were hungry.

You visited 1 branch of the dungeon, and saw 6 of its levels.

You collected 289 gold pieces.

Inventory:

Hand Weapons
 a - a +0 long sword (weapon)
Armour
 b - a +0 scale mail (worn)
 c - a +0 shield (worn)
 e - a +1 hat (worn)
Jewellery
 n - an uncursed ring of poison resistance {unknown}
Wands
 d - a wand of confusion (28/48)
Scrolls
 g - a scroll of fear {unknown}
 i - 3 scrolls of remove curse
 j - a scroll of teleportation
 l - 4 scrolls of identify
 o - a scroll of amnesia {unknown}
 q - a scroll of immolation {unknown}
Potions
 h - 2 potions of curing
 r - a potion of haste {unknown}
 s - a potion of agility {unknown}
Books
 p - a book of Maledictions

   Spells                             Type                      Level
   a - Corona                         Hexes                        1
   b - Ensorcelled Hibernation        Hexes/Ice                    2
   c - Confuse                        Hexes                        3
   d - Tukima's Dance                 Hexes                        3
   e - Dazzling Spray                 Conjuration/Hexes            3
Comestibles
 f - 4 bread rations
 k - a royal jelly
 m - a meat ration


   Skills:
 - Level 3.6 Fighting
 + Level 11.9 Long Blades
 - Level 3.6 Armour
 - Level 3.6 Shields


You had 7 spell levels left.
You didn't know any spells.

Dungeon Overview and Level Annotations

Branches:
Dungeon (6/15)
 Temple: D:4-7

Altars:
Ru


Innate Abilities, Weirdness & Mutations

You reflexively headbutt those who attack you in melee.
You have a pair of horns on your head.


Message History

You miss the crimson imp. Your headbutt misses the crimson imp.
The crimson imp is severely wounded.
The crimson imp barely misses you.
You riposte.
You closely miss the crimson imp.
The crimson imp is severely wounded.
Your shield prevents you from hitting the crimson imp.
You headbutt the crimson imp.
You kill the crimson imp!
The centaur wields a shortbow.
The centaur shoots an arrow.
The arrow barely misses you.
The centaur shoots an arrow.
The arrow barely misses you.
You see here an arrow.
The centaur shoots an arrow.
The arrow hits you.
* * * LOW HITPOINT WARNING * * *
The centaur shoots an arrow.
The arrow hits you.
* * * LOW HITPOINT WARNING * * *
An orc priest comes into view. It is wielding a short sword.
You see here an arrow.
The centaur shoots an arrow.
The arrow hits you!
You die...

).# #.# #.#
#.# ##.### .
....
..oc######.#
........((@#
...#########


You could see a centaur.

Vanquished Creatures
  The ghost of Jerry the Cudgeler, an amateur TrBe of Trog (D:4)
  A black bear (D:5)
  2 phantoms (D:5)
  A centaur (D:4)
  A bullfrog (D:3)
  A crimson imp (D:6)
  A howler monkey (D:4)
  A centaur zombie (D:5)
  A hound (D:3)
  2 jellies
  2 orc priests (D:4)
  An iguana (D:4)
  An orc wizard (D:4)
  4 worker ants
  3 gnolls (D:3)
  6 adders
  A howler monkey skeleton (D:5)
  A shadow imp (D:5)
  4 worms
  2 leopard geckos
  19 orcs
  6 bats
  3 giant cockroaches (D:3)
  5 goblins
  6 hobgoblins
  3 jackals (D:5)
  8 kobolds
  2 quokkas
  3 ball pythons (D:2)
  6 frilled lizards
  A jackal zombie (D:4)
  9 rats
108 creatures vanquished.

Vanquished Creatures (others)
  An orc wizard (D:4)
1 creature vanquished.

Grand Total: 109 creatures vanquished

Notes
Turn   | Place    | Note
-------+----------+-------------------------------------------
     0 | D:1      | vineage the Minotaur Fighter began the quest for the Orb.
     0 | D:1      | Reached XP level 1. HP: 19/19 MP: 0/0
     1 | D:1      | Noticed an electric eel
   242 | D:1      | Reached skill level 3 in Long Blades
   500 | D:1      | Reached XP level 2. HP: 26/26 MP: 1/1
   738 | D:2      | Reached skill level 4 in Long Blades
  1125 | D:2      | Reached XP level 3. HP: 31/31 MP: 2/2
  1178 | D:2      | Found a sacrificial altar of Ru.
  1494 | D:2      | Reached skill level 5 in Long Blades
  1683 | D:3      | Reached XP level 4. HP: 27/39 MP: 3/3
  1801 | D:3      | Reached skill level 6 in Long Blades
  1873 | D:3      | Reached XP level 5. HP: 18/45 MP: 4/4
  2050 | D:3      | Reached skill level 7 in Long Blades
  2284 | D:4      | Noticed a centaur
  2287 | D:4      | Reached XP level 6. HP: 42/51 MP: 5/5
  2290 | D:4      | Reached skill level 8 in Long Blades
  2682 | D:4      | Reached skill level 9 in Long Blades
  2688 | D:4      | Reached XP level 7. HP: 27/57 MP: 6/6
  3099 | D:4      | Noticed Jerry's ghost (amateur TrBe)
  3106 | D:4      | Killed Jerry's ghost
  3106 | D:4      | Reached skill level 10 in Long Blades
  3712 | D:5      | Entered Level 5 of the Dungeon
  3822 | D:5      | Reached skill level 11 in Long Blades
  4376 | D:5      | Reached XP level 8. HP: 53/64 MP: 7/7
  4835 | D:6      | Shot with an arrow by a centaur

Skill      XL: |  1  2  3  4  5  6  7 |
---------------+----------------------+-----
Long Blades    | 3 4 5 6 7 9 11 | 11.9
Fighting       | |  3.6
Armour         | |  3.6
Shields        | |  3.6

Action                   |  1- 3 |  4- 6 |  7- 9 || total
-------------------------+-------+-------+-------++-------
Melee: Long sword        |    82 |   117 |   123 ||   322
       Headbutt          |    14 |    15 |    16 ||    45
  Use: Scroll            |     4 |       |     2 ||     6
       Potion            |       |     4 |     2 ||     6
  Eat: Chunk             |     2 |     3 |       ||     5
       Fruit             |       |       |     2 ||     2
       Meat ration       |       |       |     1 ||     1
Armor: Scale mail        |    37 |    44 |    39 ||   120
Dodge: Dodged            |    22 |    29 |    22 ||    73
Block: Shield            |    41 |    62 |    49 ||   152
       Rpst.: Long sword |     7 |     4 |     7 ||    18
